AoeStats
← Blyatman

Arena

509960659Analyzed
3v3 RM · 5d ago on Sep 28, 2026· 32m 8s· 6 players
Game mode
Random Map
Map size
Normal (6 player)
Population
200
Speed
Normal
Resources
Standard
Victory
Conquest
Starting age
Dark Age
Ending age
Imperial Age
RankedLock teamsTeams togetherTeam positionsShared explorationLock speedFull tech treeHidden civsTurbo modeCheats
Victory
Defeat
🇩🇪 Poles · Germany
1280
+10
🇩🇪 Turks · Germany
1229
+12
🇩🇪 Britons · Germany
1173
+15
🇧🇷 Burgundians · Brazil
1156
-13
🇬🇧 Romans · United Kingdom
1131
-12
🇦🇷 Byzantines · Argentina
1127
-12
vascoduro
4:23 Double-Bit Axe
9:38 Horse Collar
9:59 Stone Mining
12:08 Wheelbarrow
14:18 Feudal Age
12:40 Gold Mining
15:50 Bow Saw
16:30 Heavy Plow
18:33 Castle Age
17:47 Gold Shaft Mining
17:36 Forging
18:23 Scale Barding Armor
19:05 Loom
20:12 Iron Casting
21:34 Chain Barding Armor
21:28 Cavalier
24:00 Two-Man Saw
23:17 Town Watch
31:34 Imperial Age
ss_nacho
10:34 Feudal Age
12:13 Loom
15:00 Castle Age
13:29 Double-Bit Axe
14:32 Forging
23:52 Wheelbarrow
27:33 Imperial Age
26:16 Stone Mining
26:21 Gold Mining
27:04 Horse Collar
28:03 Hand Cart
27:52 Padded Archer Armor
27:42 Fletching
28:39 Conscription
30:05 Leather Archer Armor
29:45 Bodkin Arrow
30:40 Bow Saw
30:58 Elite Skirmisher
ManiacViperK
11:43 Feudal Age
12:21 Double-Bit Axe
16:31 Castle Age
14:21 Horse Collar
16:15 Double-Bit Axe
17:46 Heavy Plow
18:00 Bow Saw
18:34 Loom
20:06 Gold Mining
24:59 Fletching
27:47 Forging
31:03 Wheelbarrow
31:58 Town Watch
Blyatman
10:32 Feudal Age
14:45 Castle Age
13:17 Double-Bit Axe
13:37 Horse Collar
14:08 Loom
26:05 Imperial Age
25:48 Gold Mining
26:47 Bow Saw
27:50 Gold Shaft Mining
27:40 Padded Archer Armor
Mo...
11:16 Feudal Age
15:24 Castle Age
13:18 Double-Bit Axe
14:36 Gold Mining
15:15 Fletching
15:27 Loom
18:24 Bodkin Arrow
19:08 Gold Shaft Mining
18:47 Horse Collar
21:27 Bow Saw
21:24 Padded Archer Armor
28:25 Imperial Age
26:59 Heavy Plow
29:36 Ballistics
30:17 Chemistry
29:24 Bracer
30:51 Conscription
32:24 Chemistry
32:46 Leather Archer Armor
TheSurfingBird
11:02 Feudal Age
14:55 Castle Age
13:15 Horse Collar
13:42 Double-Bit Axe
15:30 Wheelbarrow
16:42 Bow Saw
20:39 Gold Mining
22:13 Loom
24:04 Stone Mining
27:43 Imperial Age
26:04 Hand Cart
25:36 Town Watch
26:09 Bloodlines
26:49 Scale Barding Armor
26:47 Husbandry
27:57 Cavalier
28:54 Town Patrol
29:15 Chain Barding Armor
29:06 Forging
29:26 Szlachta Privileges
29:48 Conscription
31:36 Iron Casting
32:26 Stone Shaft Mining
Connection lost

Rejoining the realm…

Still unreachable

The connection could not be restored.

Session expired

The server has moved on; the page needs a fresh start.